PIO (24 & UNDER)
SALEM SLEDGEHAMMERS @ CHULA VISTA TACOS
06/09/2026
 
TOP OF THE 1ST
Salem Sledgehammers batting - Pitching for Chula Vista Tacos : LHP Rafael Alemán
Pitching: LHP Rafael Alemán
Batting: LHB Nathan Frey 0-0: Ground out 5-3 (Groundball, 5S)
Batting: LHB José Rivera 0-0: Foul Ball, location: 2F
0-1: Swinging Strike
0-2: Strikes out swinging
Batting: SHB Júlio Salazar 0-0: Foul Ball, location: 2F
0-1: Ball
1-1: Foul Ball, location: 2F
1-2: Ball
2-2: Strikes out swinging
Top of the 1st over - 0 run(s), 0 hit(s), 0 error(s), 0 left on base; Salem 0 - Chula Vista 0
BOTTOM OF THE 1ST
Chula Vista Tacos batting - Pitching for Salem Sledgehammers : LHP Jesús González
Pitching: LHP Jesús González
Batting: RHB Dave King 0-0: Ball
1-0: Ball
2-0: Ground out 6-3 (Groundball, 6M)
Batting: RHB Manny Torrez 0-0: Called Strike
0-1: Called Strike
0-2: Ball
1-2: Ball
2-2: Foul Ball, location: 2F
2-2: Ball
3-2: Base on Balls
Batting: LHB Ken Phillips 0-0: Called Strike
0-1: Fly out, F3 (Popup, 23F)
Batting: RHB Johnny Williams 0-0: Called Strike
0-1: Ball
1-1: Called Strike
1-2: Fly out, F9 (Line Drive, 9M)
Bottom of the 1st over - 0 run(s), 0 hit(s), 0 error(s), 1 left on base; Salem 0 - Chula Vista 0
TOP OF THE 2ND
Salem Sledgehammers batting - Pitching for Chula Vista Tacos : LHP Rafael Alemán
Batting: SHB Enrique Uribe 0-0: Ball
1-0: Ball
2-0: Ball
3-0: Called Strike
3-1: Called Strike
3-2: Strikes out swinging
Batting: RHB Patrick Daniels 0-0: Ground out 6-3 (Groundball, 6MS)
Batting: RHB Bobby Miller 0-0: Called Strike
0-1: Foul Ball, location: 2F
0-2: Ball
1-2: Ball
2-2: Foul Ball, location: 2F
2-2: Ball
3-2: Base on Balls
Batting: RHB Robert Stevens 0-0: Swinging Strike
0-1: Called Strike
0-2: Ball
1-2: Ball
2-2: Ball
3-2: Foul Ball, location: 2F
3-2: Foul Ball, location: 2F
3-2: Strikes out looking
Top of the 2nd over - 0 run(s), 0 hit(s), 0 error(s), 1 left on base; Salem 0 - Chula Vista 0
BOTTOM OF THE 2ND
Chula Vista Tacos batting - Pitching for Salem Sledgehammers : LHP Jesús González
Batting: LHB Joe Baker 0-0: Foul Ball, location: 2F
0-1: Ball
1-1: Foul Ball, location: 2F
1-2: Strikes out looking
Batting: LHB Gonzalo Benítez 0-0: Ball
1-0: Called Strike
1-1: Called Strike
1-2: Strikes out swinging
Batting: SHB Walt Rodgers 0-0: Ball
1-0: Foul Ball, location: 2F
1-1: Ball
2-1: Fly out, F9 (Flyball, 9LM)
Bottom of the 2nd over - 0 run(s), 0 hit(s), 0 error(s), 0 left on base; Salem 0 - Chula Vista 0
TOP OF THE 3RD
Salem Sledgehammers batting - Pitching for Chula Vista Tacos : LHP Rafael Alemán
Batting: LHB Caleb Hall 0-0: Ball
1-0: Called Strike
1-1: Ball
2-1: Ball
3-1: Foul Ball, location: 2F
3-2: Foul Ball, location: 2F
3-2: SINGLE (Flyball, 9S)
Batting: RHB Lakota O'Reilly 0-0: Foul Ball, location: 2F
0-1: Called Strike
0-2: Strikes out swinging
Batting: LHB Nathan Frey 0-0: Swinging Strike
0-1: Foul Ball, location: 2F
0-2: Ball
1-2: Ball
2-2: SINGLE (Line Drive, 56)
Caleb Hall to second
Batting: LHB José Rivera 0-0: Ball
1-0: Swinging Strike
1-1: Foul Ball, location: 2F
1-2: Ball
2-2: Ground out 4-3 (Groundball, 4S)
Caleb Hall to third
Nathan Frey to second
Batting: SHB Júlio Salazar 0-0: Fly out, F4 (Line Drive, 4)
Top of the 3rd over - 0 run(s), 2 hit(s), 0 error(s), 2 left on base; Salem 0 - Chula Vista 0
BOTTOM OF THE 3RD
Chula Vista Tacos batting - Pitching for Salem Sledgehammers : LHP Jesús González
Batting: RHB Ron Garrett 0-0: Ground out 5-3 (Groundball, 56)
Batting: SHB Michael Aisher 0-0: Called Strike
0-1: Called Strike
0-2: Strikes out swinging
Batting: RHB Dave King 0-0: Swinging Strike
0-1: Ball
1-1: Called Strike
1-2: Strikes out swinging
Bottom of the 3rd over - 0 run(s), 0 hit(s), 0 error(s), 0 left on base; Salem 0 - Chula Vista 0
TOP OF THE 4TH
Salem Sledgehammers batting - Pitching for Chula Vista Tacos : LHP Rafael Alemán
Batting: SHB Enrique Uribe 0-0: Ball
1-0: Ground out 4-3 (Groundball, 4)
Batting: RHB Patrick Daniels 0-0: Called Strike
0-1: Swinging Strike
0-2: Ball
1-2: Strikes out swinging
Batting: RHB Bobby Miller 0-0: Called Strike
0-1: Called Strike
0-2: Ball
1-2: Strikes out looking
Top of the 4th over - 0 run(s), 0 hit(s), 0 error(s), 0 left on base; Salem 0 - Chula Vista 0
BOTTOM OF THE 4TH
Chula Vista Tacos batting - Pitching for Salem Sledgehammers : LHP Jesús González
Batting: RHB Manny Torrez 0-0: Fly out, F8 (Line Drive, 8LS)
Batting: LHB Ken Phillips 0-0: Ball
1-0: SINGLE (Popup, 8LS)
Batting: RHB Johnny Williams 0-0: Called Strike
0-1: Ball
1-1: Swinging Strike
1-2: Strikes out looking
Batting: LHB Joe Baker 0-0: Swinging Strike
0-1: Foul Ball, location: 2F
0-2: Ball
1-2: Ball
2-2: Ball
3-2: Fly out, F3 (Line Drive, 3)
Bottom of the 4th over - 0 run(s), 1 hit(s), 0 error(s), 1 left on base; Salem 0 - Chula Vista 0
TOP OF THE 5TH
Salem Sledgehammers batting - Pitching for Chula Vista Tacos : LHP Rafael Alemán
Batting: RHB Robert Stevens 0-0: Ball
1-0: Ball
2-0: Called Strike
2-1: Called Strike
2-2: Strikes out swinging
Batting: LHB Caleb Hall 0-0: Ball
1-0: Fly out, F3 (Popup, 3F)
Batting: RHB Lakota O'Reilly 0-0: DOUBLE (Line Drive, 7LS)
Batting: LHB Nathan Frey 0-0: Ball
1-0: Ground out 5-3 (Groundball, 5)
Top of the 5th over - 0 run(s), 1 hit(s), 0 error(s), 1 left on base; Salem 0 - Chula Vista 0
BOTTOM OF THE 5TH
Chula Vista Tacos batting - Pitching for Salem Sledgehammers : LHP Jesús González
Batting: LHB Gonzalo Benítez 0-0: Ball
1-0: Reached on error, E4 (Groundball, 4S)
Batting: SHB Walt Rodgers 0-0: Ball
1-0: Hit by Pitch
Gonzalo Benítez to second
Batting: RHB Ron Garrett 0-0: Called Strike
0-1: SINGLE (Groundball, 34D)
Gonzalo Benítez to third
Walt Rodgers to second
Batting: SHB Michael Aisher 0-0: Called Strike
0-1: Grounds into fielders choice 4-2 (Groundball, 4)
Walt Rodgers to third
Ron Garrett to second
Batting: RHB Dave King 0-0: Grounds into double play, 4-6-3 (Groundball, 4)
Bottom of the 5th over - 0 run(s), 1 hit(s), 1 error(s), 2 left on base; Salem 0 - Chula Vista 0
TOP OF THE 6TH
Salem Sledgehammers batting - Pitching for Chula Vista Tacos : LHP Rafael Alemán
Batting: LHB José Rivera 0-0: Called Strike
0-1: Foul Ball, location: 2F
0-2: Ground out 4-3 (Groundball, 4M)
Batting: SHB Júlio Salazar 0-0: Foul Ball, location: 2F
0-1: Called Strike
0-2: Strikes out looking
Batting: SHB Enrique Uribe 0-0: Swinging Strike
0-1: Ball
1-1: Ball
2-1: SINGLE (Groundball, 56D)
Batting: RHB Patrick Daniels 0-0: Called Strike
0-1: Ball
1-1: Swinging Strike
1-2: Strikes out swinging
Top of the 6th over - 0 run(s), 1 hit(s), 0 error(s), 1 left on base; Salem 0 - Chula Vista 0
BOTTOM OF THE 6TH
Chula Vista Tacos batting - Pitching for Salem Sledgehammers : LHP Jesús González
Batting: RHB Manny Torrez 0-0: Swinging Strike
0-1: Swinging Strike
0-2: Ball
1-2: Ball
2-2: Strikes out swinging
Batting: LHB Ken Phillips 0-0: Ball
1-0: Ball
2-0: Foul Ball, location: 2F
2-1: Ball
3-1: Ground out 4-3 (Groundball, 4M)
Batting: RHB Johnny Williams 0-0: Ball
1-0: Swinging Strike
1-1: Foul Ball, location: 2F
1-2: Strikes out swinging
Bottom of the 6th over - 0 run(s), 0 hit(s), 0 error(s), 0 left on base; Salem 0 - Chula Vista 0
TOP OF THE 7TH
Salem Sledgehammers batting - Pitching for Chula Vista Tacos : LHP Rafael Alemán
Pitching: LHP Brock Saunders
Batting: RHB Bobby Miller 0-0: Ground out 5-3 (Groundball, 5)
Batting: RHB Robert Stevens 0-0: Called Strike
0-1: Ball
1-1: Swinging Strike
1-2: Foul Ball, location: 2F
1-2: Ball
2-2: Ground out 1-3 (Groundball, 25)
Batting: LHB Caleb Hall 0-0: Called Strike
0-1: Called Strike
0-2: Strikes out looking
Top of the 7th over - 0 run(s), 0 hit(s), 0 error(s), 0 left on base; Salem 0 - Chula Vista 0
BOTTOM OF THE 7TH
Chula Vista Tacos batting - Pitching for Salem Sledgehammers : LHP Jesús González
Pinch Hitting: RHB Ray Rogers 0-0: Foul Ball, location: 2F
0-1: Foul Ball, location: 2F
0-2: Ball
1-2: Strikes out swinging
Pinch Hitting: RHB Juan Morales 0-0: Ball
1-0: Foul Ball, location: 2F
1-1: Ball
2-1: Called Strike
2-2: Strikes out swinging
Batting: SHB Walt Rodgers 0-0: Ball
1-0: Swinging Strike
1-1: Ball
2-1: Foul Ball, location: 2F
2-2: Fly out, F9 (Flyball, 9S)
Bottom of the 7th over - 0 run(s), 0 hit(s), 0 error(s), 0 left on base; Salem 0 - Chula Vista 0
TOP OF THE 8TH
Salem Sledgehammers batting - Pitching for Chula Vista Tacos : LHP Brock Saunders
Now at SS: Joel Carlson
Now in CF: Juan Morales
Batting: RHB Lakota O'Reilly 0-0: Ball
1-0: Called Strike
1-1: Ball
2-1: Foul Ball, location: 2F
2-2: SINGLE (Groundball, 4MD) (infield hit)
Batting: LHB Nathan Frey Pickoff Throw to First - Error! E1
Lakota O'Reilly to second
0-0: Called Strike
0-1: Called Strike
0-2: Ball
1-2: Foul Ball, location: 2F
1-2: Foul Ball, location: 2F
1-2: Foul Ball, location: 2F
1-2: Strikes out swinging
Batting: LHB José Rivera 0-0: Called Strike
0-1: Ball
1-1: Ball
2-1: Ball
3-1: Ground out 1-3 (Groundball, 15S)
Batting: SHB Júlio Salazar 0-0: Foul Ball, location: 2F
0-1: 2-RUN HOME RUN (Flyball, 7D), Distance : 392 ft
Batting: SHB Enrique Uribe 0-0: Foul Ball, location: 2F
0-1: Ground out 6-3 (Groundball, 6)
Top of the 8th over - 2 run(s), 2 hit(s), 1 error(s), 0 left on base; Salem 2 - Chula Vista 0
BOTTOM OF THE 8TH
Chula Vista Tacos batting - Pitching for Salem Sledgehammers : LHP Jesús González
Pitching: LHP Alberto Pagán
Batting: RHB Ron Garrett 0-0: Ball
1-0: Called Strike
1-1: Ball
2-1: Swinging Strike
2-2: Foul Ball, location: 2F
2-2: Foul Ball, location: 2F
2-2: Strikes out swinging
Batting: SHB Michael Aisher 0-0: Foul Ball, location: 2F
0-1: Ball
1-1: Called Strike
1-2: Fly out, F3 (Popup, 3)
Batting: RHB Dave King 0-0: SINGLE (Line Drive, 7S)
Pitching: RHP Blake Koepke
Batting: RHB Manny Torrez 0-0: Ball
1-0: Foul Ball, location: 2F
1-1: Fielders Choice at 2nd, 6-4 (Groundball, 6)
Bottom of the 8th over - 0 run(s), 1 hit(s), 0 error(s), 0 left on base; Salem 2 - Chula Vista 0
TOP OF THE 9TH
Salem Sledgehammers batting - Pitching for Chula Vista Tacos : LHP Brock Saunders
Batting: RHB Patrick Daniels 0-0: Hit by Pitch
Batting: RHB Bobby Miller 0-0: Called Strike
0-1: Sac Bunt - play at second, runner OUT! 2-6
Batting: RHB Robert Stevens 0-0: Ball
1-0: Ball
2-0: Ball
3-0: Base on Balls
Bobby Miller to second
Pinch Hitting: RHB Gilberto Silva 0-0: Grounds into double play, 4-6-3 (Groundball, 34)
Top of the 9th over - 0 run(s), 0 hit(s), 0 error(s), 1 left on base; Salem 2 - Chula Vista 0
BOTTOM OF THE 9TH
Chula Vista Tacos batting - Pitching for Salem Sledgehammers : RHP Blake Koepke
Pitching: RHP Norberto Deleón
Now at 3B: José García
Batting: LHB Ken Phillips 0-0: Ball
1-0: Ball
2-0: Ball
3-0: Called Strike
3-1: Base on Balls
Batting: RHB Johnny Williams 0-0: Called Strike
0-1: Ball
1-1: Swinging Strike
1-2: Strikes out looking
Batting: RHB Joel Carlson 0-0: Foul Ball, location: 2F
0-1: Swinging Strike
0-2: SINGLE (Groundball, 5S)
Ken Phillips to second
Pinch Runner at 2nd Dennis Lovett:
Batting: RHB Juan Morales 0-0: Foul Ball, location: 2F
0-1: Foul Ball, location: 2F
0-2: Strikes out swinging
Batting: SHB Walt Rodgers 0-0: Fielders Choice at 2nd, U4 (Groundball, 4M)
Bottom of the 9th over - 0 run(s), 1 hit(s), 0 error(s), 2 left on base; Salem 2 - Chula Vista 0
Monday, December 5th, 2016 - OOTP Baseball 17.12 Build 75